 Dungeon Crawl Stone Soup version 0.25-a0-161-gb7fd73da8f (webtiles) character file.

Game seed: 12628658946371631654, levelgen mode: deterministic

42 vurker the Skirmisher (level 3, -2/30 HPs)
             Began as a Formicid Abyssal Knight on Nov 21, 2019.
             Was a Believer of Lugonu.
             Slain by a worm (10 damage)
             ... on level 2 of the Dungeon.
             The game lasted 00:01:21 (1399 turns).

vurker the Skirmisher (Formicid Abyssal Knight)     Turns: 1399, Time: 00:01:22

Health: -2/30      AC:  3    Str: 17    XL:     3   Next: 80%
Magic:  5/5        EV: 11    Int: 11    God:    Lugonu [**....]
Gold:   73         SH:  0    Dex: 10    Spells: 2/2 levels left

rFire    . . .     SeeInvis +   a - +1 mace
rCold    . . .     Gourm    .   (no shield)
rNeg     . . .     Faith    .   b - +0 leather armour
rPois    .         Spirit   .   (helmet unavailable)
rElec    .         Reflect  .   (no cloak)
rCorr    .         Harm     .   (no gloves)
MR       .....                  (no boots)
Stlth    +.........             (no amulet)
HPRegen  0.10/turn              f - ring of teleportation (curse)
MPRegen  0.09/turn              (no ring)

@: no status effects
A: permanent stasis, dig shafts and tunnels, four strong arms, antennae 3
a: Dig, Shaft Self, Depart the Abyss, Bend Space, Renounce Religion


You were on level 2 of the Dungeon.
You worshipped Lugonu.
Lugonu was pleased with you.
You were not hungry.

You visited 1 branch of the dungeon, and saw 2 of its levels.
You visited the Abyss 1 time.

You collected 73 gold pieces.

Inventory:

Hand Weapons
 a - a +1 mace (weapon)
Armour
 b - a +0 leather armour (worn)
Jewellery
 f - a cursed ring of teleportation (left hand)
   (You found it on level 1 of the Dungeon)
Scrolls
 c - 2 scrolls of blinking {unknown}
 d - 2 scrolls of identify {unknown}
 h - a scroll of teleportation {unknown}
Potions
 g - a potion of haste {unknown}
 j - 2 potions of lignification {unknown}
Comestibles
 e - 4 rations


   Skills:
 + Level 3.7 Fighting
 * Level 3.0 Maces & Flails
 - Level 2.1 Armour
 - Level 0.8 Dodging
 + Level 2.9 Invocations


You had 2 spell levels left.
You didn't know any spells.
Your spell library was empty.

Dungeon Overview and Level Annotations

Branches:
Dungeon (2/15)

Altars:


Innate Abilities, Weirdness & Mutations

You cannot be hasted, slowed, berserked, paralysed or teleported.
You can dig through walls and to a lower floor.
Your four strong arms can wield two-handed weapons with a shield.
You have a pair of large antennae on your head. (SInv)


Message History

A worm comes into view.
A worm is nearby!
A worm is nearby!
The worm barely misses you.
You sock the worm! You barely miss the worm. The worm bites you!
You barely miss the worm. The worm bites you.
You sock the worm! The worm bites you but does no damage.
You hit the worm.
You kill the worm!
Lugonu accepts your kill.
No target in view!
Some of the chunks of flesh in your inventory have rotted away.
You now have 46 gold pieces (gained 6).
A quokka comes into view.
You see here 2 gold pieces.
A quokka is nearby!
You barely miss the quokka. The quokka closely misses you. x2
You hit the quokka.
You kill the quokka!
Lugonu accepts your kill.
No target in view!
You now have 48 gold pieces (gained 2).
Found 6 gold pieces.
Found 19 gold pieces.
Eating a chunk of flesh.
You eat the chunk of flesh.
Found a stone staircase leading down.
You now have 54 gold pieces (gained 6).
You now have 73 gold pieces (gained 19).
You sense a monster nearby.
Found a scroll labeled RIUMOKHLAOB.
A worm comes into view.
A worm is nearby!
The worm bites you.
You sock the worm! The worm bites you!
You barely miss the worm. The worm bites you but does no damage.
You hit the worm. You barely miss the worm. The worm barely misses you.
You barely miss the worm. The worm bites you but does no damage.
You hit the worm. The worm bites you!
* * * LOW HITPOINT WARNING * * *
You thump the worm! You hit the worm. The worm barely misses you.
You hit the worm but do no damage. The worm bites you.
* * * LOW HITPOINT WARNING * * *
You barely miss the worm. The worm bites you.
* * * LOW HITPOINT WARNING * * *
You hit the worm. You hit the worm. You hit the worm but do no damage.
The worm bites you!
You die...

#..#.#.# ######..#.#.#
..........#.# ##
######.###.###.
######.............#
............###.##.#
............###....#
...................#
............####@#.# .#
............#.##w#.#..#
............#.........#
......>.....####..##.##
............. ...?#
######............#
#............#
...........# ........#


You could see a worm.

Vanquished Creatures
  A worm (D:2)
  4 dart slugs (D:1)
  2 leopard geckos
  A giant cockroach (D:1)
  2 goblins (D:1)
  5 hobgoblins (D:1)
  4 jackals (D:1)
  2 kobolds
  A quokka (D:2)
  5 rats (D:1)
27 creatures vanquished.

Notes
Turn   | Place    | Note
-------+----------+-------------------------------------------
     0 | Abyss:1  | vurker the Formicid Abyssal Knight began the quest for the
                  | Orb.
     0 | Abyss:1  | Reached XP level 1. HP: 18/18 MP: 2/2
    30 | D:1      | Escaped the Abyss
   347 | D:1      | Reached XP level 2. HP: 22/24 MP: 3/3
   775 | D:1      | Reached XP level 3. HP: 29/29 MP: 4/4
   860 | D:1      | Reached ** piety under Lugonu
  1399 | D:2      | Slain by a worm

Levels and vault maps discovered:
D:1:      nagdon_arrival_zigzag_paths, layout_basic
D:2:      layout_basic, first_ration

Skill      XL: |  1  2  3 |
---------------+----------+-----
Maces & Flails | 3 |  3.0
Fighting       | |  3.7
Armour         | |  2.1
Dodging        | |  0.8
Invocations    | |  2.9

Action                   || total
-------------------------++-------
Melee: Mace              ||   102
  Eat: Chunk             ||     2
Armor: Leather armour    ||    25
Dodge: Dodged            ||    62

Table legend:
 A = Non-vault XP
 B = Vault XP
 C = Vault XP percentage of total XP
 D = Non-vault monster count
 E = Vault monster count
 F = Vault count percentage of total count
                 A         B        C        D         E       F
            +---------+---------+-------+---------+---------+-------
      Total |      61 |       0 |   0.0 |      27 |       0 |   0.0
            +---------+---------+-------+---------+---------+-------
        D:1 |      50 |       0 |   0.0 |      23 |       0 |   0.0
        D:2 |      11 |       0 |   0.0 |       4 |       0 |   0.0
            +---------+---------+-------+---------+---------+-------
